 Dungeon Crawl Stone Soup version 0.25-a0-663-gace7076 (webtiles) character file.

Game seed: 3451188166814983394, levelgen mode: deterministic

2422 Faca the Fighter (level 9, -7/76 HPs)
             Began as a Human Fighter on Mar 25, 2020.
             Was a Priest of Okawaru.
             Killed from afar by a steam dragon (19 damage)
             ... with a ball of steam
             ... on level 8 of the Dungeon.
             The game lasted 00:12:47 (7197 turns).

Faca the Fighter (Human Fighter)                    Turns: 7197, Time: 00:12:48

Health: -7/76      AC:  7    Str: 20    XL:     9   Next: 76%
Magic:  8/9        EV:  7    Int:  8    God:    Okawaru [***...]
Gold:   349        SH: 10    Dex: 13    Spells: 8/8 levels left

rFire    . . .     SeeInvis .   a - +1 long sword
rCold    . . .     Gourm    .   c - +1 kite shield
rNeg     . . .     Faith    .   b - +0 scale mail
rPois    .         Spirit   .   (no helmet)
rElec    .         Reflect  .   v - +0 cloak
rCorr    .         Harm     .   (no gloves)
MR       +....                  (no boots)
Stlth    ..........             (no amulet)
HPRegen  0.22/turn              h - ring of protection from magic
MPRegen  0.11/turn              (no ring)

@: no status effects
A: no striking features
a: Heroism, Renounce Religion


You were on level 8 of the Dungeon.
You worshipped Okawaru.
Okawaru was most pleased with you.
You were hungry.

You visited 2 branches of the dungeon, and saw 9 of its levels.

You collected 419 gold pieces.
You spent 70 gold pieces at shops.

Inventory:

Hand Weapons
 a - a +1 long sword (weapon)
 A - a +4 dagger
Missiles
 j - 6 boomerangs
 k - 40 poisoned darts (quivered)
 w - a throwing net
Armour
 b - a +0 scale mail (worn)
 c - a +1 kite shield (worn)
 t - a +0 tower shield
 v - a +0 cloak (worn)
Jewellery
 h - a ring of protection from magic (left hand)
Wands
 l - a wand of flame (46)
 p - a wand of acid (16)
 x - a wand of paralysis (6)
Scrolls
 e - 6 scrolls of remove curse
 g - 2 scrolls of teleportation
 y - a scroll of fog
 z - a scroll of enchant weapon
Potions
 d - a potion of might
 i - 7 potions of curing
 m - 2 potions of brilliance {unknown}
 n - a potion of cancellation
 o - a potion of mutation
 r - a potion of resistance {unknown}
 s - a potion of haste {unknown}
 u - a potion of invisibility
 B - a potion of ambrosia {unknown}
 C - a potion of flight {unknown}
Comestibles
 f - 10 rations


   Skills:
 + Level 9.3 Fighting
 + Level 9.1 Long Blades
 - Level 3.0 Armour
 - Level 3.0 Shields


You had 8 spell levels left.
You didn't know any spells.
Your spell library was empty.

Dungeon Overview and Level Annotations

Branches:
Dungeon (8/15)             Temple (1/1) D:4
   Lair: D:8-11

Altars:
Ashenzari
Cheibriados
Dithmenos
Elyvilon
Fedhas
Gozag
Hepliaklqana
Kikubaaqudgha
Makhleb
Nemelex Xobeh
Okawaru
Qazlal
Ru
Sif Muna
Trog
Uskayaw
Vehumet
Wu Jian
Xom
Yredelemnul
Zin
The Shining One

Shops:
D:6 !

Annotations:
D:5 2 transporters, pokeman's ghost, novice DEWz


Message History

You are engulfed in a cloud of scalding steam.
You feel like a meek peon again. The steam dragon bites you!
The steam dragon barely misses you.
You hit the steam dragon.
The steam dragon is heavily wounded.
You are engulfed in a cloud of scalding steam.
* * * LOW HITPOINT WARNING * * *
The steam dragon barely misses you.
You riposte.
You barely miss the steam dragon.
The steam dragon is heavily wounded.
You block the steam dragon's attack.
You hit the steam dragon but do no damage.
The steam dragon is heavily wounded.
You block the steam dragon's attack. The steam dragon claws you.
* * * LOW HITPOINT WARNING * * *
You hit the steam dragon.
The steam dragon is heavily wounded.
The steam dragon breathes steam at you. The ball of steam hits you!!
You die...

#.# #.#
#.# #.#
#.# #..
#.# #.#
####
#.# #.#
#.# #[#
#.# #.#
#.# #.#
#.###.#
#.D@..#
####..#
#..#
#..#
#..#
#..#
...#
##.#


You could see a steam dragon.

Vanquished Creatures
  Grinder (D:6)
  Sigmund (D:6)
  A spriggan (D:7)
  Menkaure (D:4)
  An acid dragon (D:8)
  A water moccasin (D:6)
  4 ice beasts
  4 ogres
  A centaur (D:6)
  A bullfrog (D:6)
  2 howler monkeys (D:6)
  3 crimson imps
  A jelly (D:5)
  An orc wizard (D:7)
  2 bullfrog skeletons
  A gnoll shaman (D:6)
  Crazy Yiuf (D:6)
  An iguana (D:7)
  Ijyb (D:5)
  Natasha (twice) (D:3)
  2 worker ants
  A killer bee zombie (D:5)
  2 worker ant zombies
  5 gnolls (D:6)
  5 adders
  3 shadow imps
  2 adder skeletons
  An adder zombie (D:5)
  2 worms (D:2)
  2 dart slugs
  2 leopard geckos
  6 orcs
  2 giant cockroaches
  7 goblins
  7 hobgoblins
  5 jackals
  6 kobolds
  3 quokkas
  2 ball pythons
  3 bats
  3 frilled lizards (D:1)
  A jackal skeleton (D:5)
  A jackal zombie (D:6)
  A leopard gecko zombie (D:3)
  A quokka skeleton (D:7)
  6 rats
112 creatures vanquished.

Notes
Turn   | Place    | Note
-------+----------+-------------------------------------------
     0 | D:1      | Faca the Human Fighter began the quest for the Orb.
     0 | D:1      | Reached XP level 1. HP: 18/18 MP: 1/1
    45 | D:1      | Reached XP level 2. HP: 24/24 MP: 2/2
   330 | D:1      | Reached XP level 3. HP: 23/29 MP: 3/3
   823 | D:2      | Found a sacrificial altar of Ru.
   958 | D:2      | Reached XP level 4. HP: 26/37 MP: 4/4
  1781 | D:3      | Noticed Natasha
  1792 | D:3      | Killed Natasha
  1792 | D:3      | Reached XP level 5. HP: 27/42 MP: 5/5
  2079 | D:3      | Noticed Natasha
  2096 | D:3      | Killed Natasha
  2500 | D:4      | Found a staircase to the Ecumenical Temple.
  2562 | Temple   | Entered the Ecumenical Temple
  2588 | Temple   | Became a worshipper of Warmaster Okawaru
  2756 | D:4      | Noticed an ogre
  2761 | D:4      | Killed an ogre
  2761 | D:4      | Reached skill level 5 in Fighting
  2761 | D:4      | Reached XP level 6. HP: 41/51 MP: 6/6
  2950 | D:4      | Noticed Menkaure
  2955 | D:4      | Killed Menkaure
  2955 | D:4      | Reached skill level 5 in Long Blades
  2955 | D:4      | Reached XP level 7. HP: 29/56 MP: 7/7
  3126 | D:5      | Entered Level 5 of the Dungeon
  3727 | D:5      | Noticed Ijyb
  3729 | D:5      | Killed Ijyb
  3768 | D:5      | Identified the cursed +1 dire flail "Zaaluok" {vorpal,
                  | *Drain rF+ Str+3 Dex+5}
  3768 | D:5      | Noticed pokeman's ghost (novice DEWz)
  3851 | D:5      | Found a transporter.
  3855 | D:5      | Found a transporter.
  3953 | D:5      | Got an ancient tin ring
  4039 | D:5      | Identified the ring of Bamuzenn {rF- Str+3 Int+7} (You
                  | found it on level 5 of the Dungeon)
  4086 | D:6      | Noticed Grinder
  4087 | D:6      | Reached * piety under Okawaru
  4087 | D:6      | Reached XP level 8. HP: 53/65 MP: 8/8
  4185 | D:6      | Killed Grinder
  4220 | D:6      | Found Reneimoc's Distillery.
  4225 | D:6      | Bought a potion of heal wounds for 70 gold pieces
  4825 | D:6      | Noticed Sigmund
  4838 | D:6      | Killed Sigmund
  4838 | D:6      | Reached ** piety under Okawaru
  5024 | D:6      | Reached XP level 9. HP: 64/74 MP: 9/9
  5302 | D:6      | Found a runed translucent door.
  5303 | D:6      | Noticed Crazy Yiuf
  5887 | D:6      | Killed Crazy Yiuf
  6343 | D:7      | Found an ornate altar of the Wu Jian Council.
  6833 | D:7      | Reached *** piety under Okawaru
  7197 | D:8      | Killed from afar by a steam dragon

Levels and vault maps discovered:
D:1:      evilmike_arrival_plus, layout_basic
D:2:      layout_loops_ring, minivault_25, minmay_crystal_room,
          nicolae_ru_awakened_eye
D:3:      layout_loops_ring, first_ration, minmay_misc_feat_hallway,
          uniq_natasha
D:4:      layout_loops_ring, temple_pool_b, uniq_menkaure
D:5:      layout_gridville, gammafunk_ghost_smash, uniq_ijyb
D:6:      layout_loops_ring, serial_shops, kennysheep_little_box,
          minmay_manual_monolith, uniq_sigmund, uniq_crazy_yiuf_cottage,
          uniq_grinder
D:7:      layout_gridville, marbit_many_paths, the_bakery
D:8:      layout_loops_ring, serial_shops, nicolae_shop_behind_doors
Temple:   nicolae_temple_the_god_donut

Skill      XL: |  1  2  3  4  5  6  7  8  9 |
---------------+----------------------------+-----
Long Blades    | 3 4 5 6 7 9 |  9.1
Fighting       | 4 5 6 8 9 |  9.3
Armour         | |  3.0
Shields        | |  3.0

Action                   |  1- 3 |  4- 6 |  7- 9 || total
-------------------------+-------+-------+-------++-------
Melee: Long sword        |    84 |   102 |   313 ||   499
Invok: Heroism           |       |       |     2 ||     2
Evoke: Wand              |       |       |     9 ||     9
  Use: Scroll            |     5 |     6 |     2 ||    13
       Potion            |       |     1 |     3 ||     4
 Stab: Paralysed         |       |       |    11 ||    11
  Eat: Chunk             |       |     3 |    10 ||    13
       Ration            |       |     1 |     1 ||     2
Armor: Scale mail        |    43 |    31 |    81 ||   155
Dodge: Dodged            |    23 |    24 |    70 ||   117
Block: Kite shield       |    36 |    46 |   162 ||   244
       Rpst.: Long sword |    10 |     9 |    19 ||    38

Table legend:
 A = Non-vault XP
 B = Vault XP
 C = Vault XP percentage of total XP
 D = Non-vault monster count
 E = Vault monster count
 F = Vault count percentage of total count
                 A         B        C        D         E       F
            +---------+---------+-------+---------+---------+-------
      Total |    2408 |    1053 |  30.4 |     101 |      11 |   9.8
            +---------+---------+-------+---------+---------+-------
        D:1 |      37 |       0 |   0.0 |      21 |       0 |   0.0
        D:2 |      40 |       0 |   0.0 |      11 |       0 |   0.0
        D:3 |      70 |      35 |  33.3 |      16 |       1 |   5.9
        D:4 |     196 |     175 |  47.2 |       7 |       1 |  12.5
        D:5 |     522 |      36 |   6.5 |       9 |       1 |  10.0
        D:6 |     886 |     584 |  39.7 |      16 |       6 |  27.3
        D:7 |     442 |     223 |  33.5 |      18 |       2 |  10.0
        D:8 |     215 |       0 |   0.0 |       3 |       0 |   0.0
            +---------+---------+-------+---------+---------+-------
